 Dungeon Crawl Stone Soup version 0.30-a0-365-ge7f957f1db (webtiles) character file.

Game seed: 17928352902451833071

978 Ijustatesigmund the Conjurer (level 7, 0/52 HPs)
             Began as a Demonspawn Fire Elementalist on Nov 17, 2022.
             Slain by an orc priest
             ... wielding a +0 mace
              (7 damage)
             ... on level 5 of the Dungeon.
             The game lasted 00:13:54 (6896 turns).

Ijustatesigmund the Conjurer (DsFE)                 Turns: 6896, Time: 00:13:55

Health: 0/52       AC: 10    Str: 14    XL:     7   Next: 95%
Magic:  8/13       EV: 12    Int: 18    God:
Gold:   149        SH:  0    Dex: 14    Spells: 11/14 levels left

rFire   . . .      SeeInvis .    d - +1 short sword
rCold   . . .      Faith    .    (no shield)
rNeg    . . .      Spirit   .    a - +3 leather armour
rPois   .          Reflect  .    (no helmet)
rElec   .          Harm     .    (no cloak)
rCorr   .          Rampage  .    o - +1 pair of gloves
Will    .....                    q - +1 pair of boots
Stlth   ++........               (no amulet)
HPRegen 0.28/turn                f - +6 ring of strength
MPRegen 0.13/turn                (no ring)

@: lethally poisoned (0 -> -3)
A: hooves 1, demonic guardian 1, sturdy frame 2
a: no special abilities


You were on level 5 of the Dungeon.
You visited 1 branch of the dungeon, and saw 6 of its levels.

You collected 224 gold pieces.
You spent 75 gold pieces at shops.

Inventory:

Hand Weapons
 d - a +1 short sword (weapon)
Missiles
 c - 4 silver javelins
Armour
 a - a +3 leather armour (worn)
 o - a +1 pair of gloves (worn)
 q - a +1 pair of boots (worn)
Magical Staves
 n - a staff of poison
Jewellery
 f - a +6 ring of strength (left hand)
Scrolls
 h - a scroll of blinking
 i - a scroll of silence
 l - 2 scrolls of enchant weapon
 p - a scroll of poison
 s - a scroll of noise {unknown}
Potions
 b - a potion of magic
 e - 2 potions of mutation
 g - 2 potions of cancellation
 j - 4 potions of flight
 k - a potion of brilliance
 r - a potion of invisibility {unknown}


   Skills:
 + Level 3.4 Fighting
 + Level 2.1 Armour
 - Level 1.7 Dodging
 - Level 1.7 Stealth
 + Level 4.3 Spellcasting
 + Level 4.9 Conjurations
 + Level 4.7 Fire Magic


You had 11 spell levels left.
You knew the following spells:

 Your Spells              Type           Power      Damage    Failure   Level
a - Foxfire               Conj/Fire      84%        2x1d8     1%          1
b - Scorch                Fire           42%        2d7       3%          2

Your spell library contained the following spells:

 Spells                   Type           Power      Damage    Failure   Level
 Apportation              Tloc           6%         N/A       14%         1
 Beastly Appendage        Tmut           6%         N/A       14%         1
 Necrotise                Necr           12%        1d4       14%         1
 Summon Small Mammal      Summ           12%        N/A       14%         1
 Inner Flame              Hex/Fire       12%        N/A       16%         3
 Flame Wave               Conj/Fire      21%        2d8       19%         4
 Wereblood                Tmut           3%         N/A       22%         2
 Kindle Blastsparks       Fire/Tloc/Air  18%        2d11      22%         3
 Spider Form              Tmut/Pois      3%         N/A       38%         3


Dungeon Overview and Level Annotations

Branches:
Dungeon (6/15)
 Temple: D:4-7

Altars:

Shops:
D:5 =**


Innate Abilities, Weirdness & Mutations

You have large cloven feet.
A weak demonic guardian rushes to your aid.
Your movements are less encumbered by armour. (ER -4)


Message History

The adder bites you.
You are poisoned.
The adder poisons you!
You feel sick.
The foxfire hits the orc priest.
The orc priest is moderately wounded.
The gnoll hits you with a +0 flail. The gnoll hits you with a +0 club.
The orc priest mumbles some strange prayers to Beogh against you.
Beogh smites you!
* * * LOW HITPOINT WARNING * * *
A demonic guardian appears!
The adder barely misses you.
You feel much better.
You feel sick. The adder barely misses you.
The gnoll hits you but does no damage. The orc priest misses you.
The gnoll hits you with a +0 club.
Your white imp closely misses the adder.
Casting: Foxfire (safe; 1% risk of failure)
Confirm with . or Enter, or press ? or * to list all spells.
Flames lash the orc priest.
The orc priest is severely wounded.
The orc priest's fire resistance burns away.
You feel sick. The adder bites you.
You are more poisoned.
The adder poisons you! The gnoll misses you.
The orc priest hits you but does no damage.
The gnoll hits you with a +0 club.
* * * LOW HITPOINT WARNING * * *
The adder barely misses you.
Your white imp misses the adder.
You feel sick. The orc priest hits you with a +0 mace.
* * * LOW HITPOINT WARNING * * *
The gnoll barely misses you. The gnoll hits you but does no damage.
The adder closely misses you.
Your white imp closely misses the adder.
Casting: Scorch (safe; 3% risk of failure)
Confirm with . or Enter, or press ? or * to list all spells.
Flames lash the gnoll.
The gnoll is severely wounded.
The gnoll's fire resistance burns away.
You feel sick. The adder barely misses you. The gnoll hits you with a +0 flail.
* * * LOW HITPOINT WARNING * * *
The orc priest hits you with a +0 mace!
You die...

#......<..#.......
#.........#!......
#.........#.......
####'#######.......
#..................
#..................
#..................
#g.S...............
#g@o5..............
#########'#######..
#.....'....#...'..
#.....#....#...#..
#.....#....#...#..
#.....#....#...#..
#.....#...######..
#....##...##...###
#....##...##......


You could see an orc priest (combustible), 2 gnolls, an adder (ally target) and
a friendly white imp (summoned).

Vanquished Creatures
  A black bear (D:5)
  An ogre (D:5)
  A necrophage (D:4)
  3 scorpions
  A howler monkey (D:5)
  A jelly (D:5)
  5 hounds
  2 orc priests
  A gnoll bouda (D:5)
  2 iguanas (D:5)
  An orc wizard (D:4)
  8 adders
  A white imp (D:5)
  2 worms
  2 dart slugs
  10 orcs
  7 bats
  8 endoplasms
  5 giant cockroaches
  5 goblins
  8 hobgoblins
  6 kobolds
  4 quokkas
  6 ball pythons
  A frilled lizard (D:3)
  5 rats
97 creatures vanquished.

Vanquished Creatures (others)
  223 foxfires
  A plant (D:1)
  A withered plant (D:6)
225 creatures vanquished.

Grand Total: 322 creatures vanquished

Notes
Turn   | Place    | Note
-------+----------+-------------------------------------------
     0 | D:1      | Ijustatesigmund the Demonspawn Fire Elementalist began the
                  | quest for the Orb.
     0 | D:1      | Reached XP level 1. HP: 13/13 MP: 3/3
   343 | D:1      | Gained mutation: You have large cloven feet. [demonic
                  | ancestry]
   343 | D:1      | Reached XP level 2. HP: 20/20 MP: 0/5
   445 | D:1      | Learned a level 2 spell: Scorch
   646 | D:1      | Found a faded altar of an unknown god.
   694 | D:1      | Reached skill level 1 in Fighting
  1335 | D:2      | Reached XP level 3. HP: 26/26 MP: 2/6
  2822 | D:3      | Gained mutation: Your movements are slightly less
                  | encumbered by armour. (ER -2) [demonic ancestry]
  2822 | D:3      | Reached XP level 4. HP: 32/32 MP: 3/7
  3458 | D:4      | Noticed a necrophage
  3470 | D:4      | Killed a necrophage
  3471 | D:4      | Gained mutation: Your movements are less encumbered by
                  | armour. (ER -4) [demonic ancestry]
  3471 | D:4      | Reached XP level 5. HP: 37/37 MP: 2/9
  4326 | D:4      | Reached XP level 6. HP: 41/43 MP: 3/11
  4939 | D:5      | Entered Level 5 of the Dungeon
  5150 | D:5      | Gained mutation: A weak demonic guardian rushes to your
                  | aid. [demonic ancestry]
  5150 | D:5      | Reached XP level 7. HP: 51/51 MP: 7/12
  5249 | D:5      | Found Yrhu's General Store.
  5260 | D:5      | Reached skill level 1 in Armour
  5329 | D:5      | Found Feaxoofaozi's Specific Store.
  5334 | D:5      | Bought a potion of heal wounds for 75 gold pieces
  5402 | D:5      | Found Yhum's Jewellery Boutique.
  6125 | D:5      | HP: 1/52 [ogre/+0 giant club (13)]
  6896 | D:5      | Slain by an orc priest

Illustrated notes

Levels and vault maps discovered:
D:1:      dpeg_arrival_shelter, layout_basic,
          shapermc_ecumenical_altar_mp_urbaneastern, nicolae_titane
D:2:      layout_loops_ring, moated_statue, minivault_27, minmay_tromino_i2
D:3:      layout_rooms
D:4:      layout_rooms
D:5:      layout_gridville, serial_shops, kennysheep_mini, portal_sewer_entry_e,
          nicolae_specific_store
D:6:      layout_loops_ring, minitemple, gammafunk_ghost_cemetery,
          nicolae_grassy_gnolls, uniq_eustachio, uniq_crazy_yiuf_cottage

Skill      XL: |  1  2  3  4  5  6  7 |
---------------+----------------------+-----
Fighting       | 1 2 3 |  3.4
Fire Magic     | 3 4 |  4.7
Conjurations   | 2 3 4 |  4.9
Spellcasting   | 3 4 |  4.3
Armour         | 2 |  2.1
Dodging        | |  1.7
Stealth        | |  1.7

Action                   |  1- 3 |  4- 6 |  7- 9 || total
-------------------------+-------+-------+-------++-------
Melee: Short sword       |     9 |    58 |     9 ||    76
       Kick              |     2 |    16 |       ||    18
 Cast: Foxfire           |    61 |    42 |    27 ||   130
       Scorch            |     5 |    26 |    26 ||    57
  Use: Scroll            |     9 |     4 |     2 ||    15
       Potion            |       |     5 |     1 ||     6
 Stab: Sleeping          |     2 |       |       ||     2
Armor: Robe              |     7 |     2 |       ||     9
       Skin              |       |    84 |       ||    84
       Leather armour    |       |    27 |    26 ||    53
Dodge: Dodged            |    16 |    73 |    63 ||   152

Table legend: (Time is in decaauts)
 A = Elapsed time spent in this place.
 B = Non-inter-level travel time spent in this place.
 C = Inter-level travel time spent in this place.
 D = Time resting spent in this place.
 E = Time spent auto-exploring this place.
 F = Levels seen in this place.
 G = Mean time per level.
                   A        B        C        D        E       F      G
               +--------+--------+--------+--------+--------+-----+--------+
         Total |   6899 |   6757 |    142 |   2567 |   3306 |   6 | 1149.8 |
       Dungeon |   6899 |   6757 |    142 |   2567 |   3306 |   6 | 1149.8 |
               +--------+--------+--------+--------+--------+-----+--------+

Top non-repeatable levels by time:
     D:5: 1903 daAuts
     D:4: 1522 daAuts
     D:2: 1349 daAuts
     D:3: 1064 daAuts
     D:1: 999 daAuts
     D:6: 59 daAuts
